Map: [ESL] Gresvan

Players

Coffee - Winner!

  • Race: Terran Terran
  • Spawn Location: 11:00

Nice

  • Race: Protoss Protoss
  • Spawn Location: 5:00

Event: ESL SC2 Masters 2023 Summer (Regionals)

VOD

Have the link to the VOD?

Description

Time

  • Played on: May 19, 2023, 9:48 a.m.
  • Length: 10:11

All games in this series

Show
View Real Time Build Order
Export as new Build Order

Coffee Terran - Winner!

Build Orders: Reaper Expand 

Get SALT Encoding   

  12  0:00  SCV  
  13  0:12  SCV  
  14  0:17  Supply Depot  
  14  0:24  SCV  
  15  0:38  SCV  
  15  0:39  Barracks  
  16  0:42  Refinery  
  16  0:50  SCV  
  17  1:02  SCV  
  18  1:15  SCV  
  19  1:26  Reaper  
  19  1:27  Orbital Command  
  20  1:39  Command Center  
  20  1:47  Supply Depot  
  20  1:52  SCV  
  21  1:58  Marine  
  22  2:05  SCV, Factory  
  23  2:13  Bunker  
  23  2:17  SCV  
  23  2:20  Barracks Reactor  
  24  2:28  Barracks  
  24  2:31  SCV  
  25  2:37  Refinery  
  25  2:43  SCV  
  26  2:51  Orbital Command, Factory Tech Lab  
  26  2:55  SCV  
  26  2:56  Marine x2  
  29  3:09  SCV  
  29  3:10  Cyclone  
  33  3:14  Marine x2  
  33  3:16  Barracks Tech Lab  
  35  3:23  SCV x2  
  37  3:27  Supply Depot  
  37  3:34  Stimpack  
  37  3:35  SCV  
  37  3:36  SCV  
  37  3:39  Marine x3  
  42  3:49  Barracks  
  42  3:50  Siege Tank  
  45  4:03  SCV x2  
  45  4:04  Marine x2  
  45  4:05  Marine  
  50  4:11  Supply Depot  
  50  4:12  Engineering Bay  
  50  4:13  Refinery  
  49  4:22  SCV x2  
  49  4:23  Siege Tank  
  54  4:32  Marine x3  
  54  4:37  Supply Depot  
  54  4:38  Terran Infantry Weapons Level 1  
  57  4:41  SCV x2  
  59  4:48  Supply Depot  
  59  4:51  Marine x3  
  62  4:58  SCV x2, Supply Depot  
  64  5:03  Starport, Factory Reactor  
  62  5:14  Marine x3  
  62  5:15  Marine  
  62  5:16  SCV  
  62  5:17  SCV  
  62  5:21  Supply Depot  
  67  5:23  Missile Turret  
  67  5:25  Missile Turret  
  67  5:32  Marine x3  
  70  5:36  SCV x2  
  68  5:48  SCV x2  
  70  5:50  Marine x2, Siege Tank  
  70  5:54  Medivac x2  
  70  5:55  Combat Shield  
  80  5:57  Marauder  
  80  6:05  SCV x2, Barracks Tech Lab  
  80  6:08  Refinery  
  82  6:17  Supply Depot  
  82  6:18  Supply Depot  
  82  6:20  Marine, Supply Depot  
  82  6:21  Marine, Marauder  
  86  6:37  Supply Depot  
  86  6:38  Supply Depot  
  86  6:39  SCV, Medivac, Siege Tank, Marauder  
  94  6:45  Marine  
  94  6:46  Concussive Shells  
  95  6:47  Supply Depot  
  94  6:57  Marauder  
  94  7:00  Marauder  
  98  7:02  Terran Infantry Armor Level 1  
  92  7:15  Marine x2  
  92  7:18  Marauder  
  92  7:22  Marauder  
  95  7:30  SCV x2  
  95  7:33  Marine x2  
  95  7:35  Medivac x2  
  101  7:46  Barracks  
  101  7:47  Marauder x2  
  101  7:48  Barracks  
  105  7:58  Marine x2  
  108  8:06  Siege Tank  
  108  8:12  Marauder x2, SCV x2  
  113  8:16  Marine x2  
  113  8:26  Medivac  
  114  8:30  Supply Depot  
  114  8:31  Supply Depot  
  114  8:33  Marauder x2  
  118  8:34  Marine  
  118  8:40  Siege Tank  
  115  8:44  Marine  
  116  8:52  Marine  
  116  8:53  Supply Depot x3  
  116  8:54  Marauder x2  
  121  9:02  Marine  
  122  9:03  SCV x2  
  124  9:10  Marine  
  124  9:11  Marine x2  
  124  9:15  Marine x2, SCV x2  
  130  9:20  Marine  
  129  9:36  Marine  
  129  9:37  Marauder  
  106  9:39  Marauder  
  106  9:42  Marine  
  106  9:51  Marine x2  
Show
View Real Time Build Order
Export as new Build Order

Nice Protoss 

Build Orders: 1 Gate Expand, Oracle Opening 

Get SALT Encoding   

  12  0:00  Probe  
  13  0:12  Probe  
  14  0:17  Pylon  
  14  0:24  Probe (Chrono Boost)  
  16  0:36  Gateway  
  16  0:37  Probe (Chrono Boost)  
  16  0:42  Probe (Chrono Boost)  
  16  0:45  Assimilator  
  17  0:53  Probe  
  18  1:05  Probe  
  19  1:17  Probe  
  20  1:22  Cybernetics Core  
  20  1:31  Nexus  
  20  1:37  Pylon  
  20  1:43  Probe  
  20  1:45  Assimilator  
  21  1:55  Probe  
  21  1:56  Adept (Chrono Boost)  
  24  2:01  Shield Battery  
  24  2:07  Probe  
  25  2:14  Stargate  
  25  2:18  Adept (Chrono Boost)  
  27  2:24  Probe  
  27  2:29  Warp Gate  
  28  2:36  Probe  
  29  2:40  Adept  
  29  2:43  Probe  
  32  2:48  Probe  
  33  2:55  Probe  
  34  2:58  Oracle (Chrono Boost)  
  34  3:00  Probe  
  38  3:07  Probe  
  39  3:13  Pylon  
  39  3:17  Probe  
  39  3:19  Probe  
  41  3:28  Oracle (Chrono Boost)  
  41  3:29  Probe  
  41  3:32  Probe  
  46  3:34  Pylon  
  46  3:41  Probe  
  46  3:44  Probe  
  48  3:49  Pylon  
  48  3:53  Probe  
  49  3:56  Probe  
  50  4:05  Twilight Council  
  50  4:06  Probe  
  50  4:08  Probe, Shield Battery  
  50  4:13  Gateway  
  50  4:14  Assimilator  
  50  4:16  Oracle (Chrono Boost)  
  50  4:18  Probe  
  50  4:20  Probe  
  50  4:24  Gateway  
  55  4:26  Gateway  
  55  4:32  Gateway  
  55  4:36  Gateway  
  55  4:37  Blink (Chrono Boost)  
  55  4:39  Pylon  
  55  4:49  Pylon  
  55  4:55  Stalker  
  57  5:03  Pylon  
  53  5:19  Stalker x2  
  53  5:20  Stalker x2  
  61  5:23  Nexus  
  61  5:32  Stalker x2  
  65  5:44  Stalker x2  
  65  5:49  Pylon  
  69  5:54  Probe x2  
  71  5:57  Pylon x2  
  71  6:14  Stalker x5  
  81  6:19  Charge (Chrono Boost)  
  81  6:29  Gateway  
  81  6:30  Gateway  
  83  6:34  Stalker  
  83  6:37  Zealot x2  
  87  6:41  Zealot x2  
  87  6:46  Pylon  
  91  6:54  Stalker  
  91  6:59  Stalker x2  
  91  7:00  Shield Battery  
  97  7:04  Probe x3  
  100  7:15  Zealot, Stalker x2  
  100  7:21  Stalker  
  86  7:30  Stalker  
  86  7:31  Zealot x2  
  92  7:37  Zealot  
  92  7:38  Probe (Chrono Boost)  
  92  7:40  Probe (Chrono Boost)  
  97  7:46  Probe (Chrono Boost)  
  97  7:50  Probe (Chrono Boost)  
  99  7:53  Probe (Chrono Boost)  
  99  8:01  Probe x2 (Chrono Boost)  
  99  8:03  Probe  
  102  8:09  Templar Archives  
  102  8:11  Stalker  
  102  8:12  Stalker  
  105  8:18  Probe x3  
  108  8:22  Phoenix (Chrono Boost)  
  110  8:29  Assimilator  
  110  8:30  Probe x2  
  112  8:38  Psionic Storm  
  112  8:40  Probe  
  111  8:42  Probe  
  113  8:50  Robotics Facility  
  115  8:58  Zealot x2  
  115  8:59  Zealot  
  115  9:00  Zealot  
  120  9:08  Zealot  
  120  9:09  Zealot  
  124  9:18  High Templar x2  
  124  9:19  Zealot x2  
  132  9:24  Archon  
  130  9:35  Zealot x4  
  98  9:41  Zealot x2  
  94  9:51  Zealot x2  
  98  9:56  Zealot x4  
Tags
 
Add a new tag
Caveats
  • Supply blocks, unpowered buildings, or Contaminate may cause inaccurate times.
  • Supply counts are checked every 10 seconds.